 Dungeon Crawl Stone Soup version 0.23.2-1-ga50397a6bc (webtiles) character file.

Game seed: 4375792299944040051

62 Jaijje the Conjurer (level 3, 0/19 HPs)
             Began as a Deep Elf Conjurer on May 24, 2019.
             Slain by a gnoll
             ... wielding a +0 club
              (4 damage)
             ... on level 2 of the Dungeon.
             The game lasted 00:04:01 (1354 turns).

Jaijje the Conjurer (Deep Elf Conjurer)             Turns: 1354, Time: 00:04:02

Health: 0/19       AC:  2    Str:  6    XL:     3   Next: 85%
Magic:  0/10       EV: 13    Int: 19    God:
Gold:   44         SH:  0    Dex: 15    Spells: 7/10 levels left

rFire    . . .     SeeInvis .   (no weapon)
rCold    . . .     Gourm    .   (no shield)
rNeg     . . .     Faith    .   a - +0 robe
rPois    .         Spirit   .   (no helmet)
rElec    .         Reflect  .   (no cloak)
rCorr    .         Harm     .   (no gloves)
MR       .....                  (no boots)
Stlth    ++........             (no amulet)
HPRegen  0.06/turn              (no ring)
MPRegen  0.12/turn              (no ring)

@: no status effects
A: no striking features
a: no special abilities


You were on level 2 of the Dungeon.
You were not hungry.

You visited 1 branch of the dungeon, and saw 2 of its levels.

You collected 44 gold pieces.

Inventory:

Armour
 a - a +0 robe (worn)
 n - a cursed -1 leather armour
Jewellery
 b - a cursed amulet of inaccuracy {unknown}
 e - an uncursed amulet of regeneration
Scrolls
 d - a scroll of enchant armour {unknown}
 g - a scroll of noise {unknown}
 j - a scroll of remove curse {unknown}
 k - a scroll of identify {unknown}
 l - a scroll of teleportation {unknown}
 m - a scroll of fear {unknown}
 q - a scroll of amnesia {unknown}
Potions
 f - 2 potions of brilliance {unknown}
 h - a potion of flight {unknown}
 i - 2 potions of curing {unknown}
 o - 2 potions of ambrosia {unknown}
 p - a potion of heal wounds {unknown}
 s - a potion of lignification {unknown}
Comestibles
 c - 5 rations
 r - 3 chunks of flesh


   Skills:
 - Level 2.4 Dodging
 - Level 2.4 Stealth
 + Level 4.2 Spellcasting
 + Level 5.5 Conjurations


You had 7 spell levels left.
You knew the following spells:

 Your Spells              Type           Power        Failure   Level  Hunger
a - Magic Dart            Conj           ###.         1%          1    None
b - Searing Ray           Conj           ###...       2%          2    #......

Your spell library contained the following spells:

 Spells                   Type           Power        Failure   Level  Hunger
 Dazzling Spray           Conj/Hex       ##....       13%         3    ###....
 Iskenderun's Mystic Bla  Conj           ###.....     14%         4    ####...
 Force Lance              Conj/Tloc      ##......     41%         4    ####...
 Fulminant Prism          Conj/Hex       ##........   41%         4    ####...


Dungeon Overview and Level Annotations

Branches:
Dungeon (2/15)

Altars:
Uskayaw


Message History

The gnoll is heavily wounded.
The gnoll barely misses you.
Casting: Magic Dart (safe; 1% risk of failure)
Confirm with . or Enter, or press ? or * to list all spells.
Aiming: Magic Dart (safe; 1% risk of failure)
Press: ? - help, Shift-Dir - straight line, f/p - gnoll
Aim: a gnoll, wielding a +0 club (heavily wounded)
The magic dart hits the gnoll.
The gnoll is heavily wounded.
The gnoll closely misses you.
Casting: Magic Dart (safe; 1% risk of failure)
Confirm with . or Enter, or press ? or * to list all spells.
Aiming: Magic Dart (safe; 1% risk of failure)
Press: ? - help, Shift-Dir - straight line, f/p - gnoll
Aim: a gnoll, wielding a +0 club (heavily wounded)
The magic dart hits the gnoll.
The gnoll is almost dead.
The gnoll hits you but does no damage. The gnoll hits you with a +0 club.
You die...

..#.# #.#############..##...
#.#.# #.# #.#..##.## #.#.# #.#
#.#..#.... #.#.#### #.#
#####.#..#..## .......# #.# ###
#....)#..#..# #.#.##.#####.###.#
#.....#..#..# #................#
#.....#..#..# #...##+#####.##g.#
#...........#
#(..#........##.@####'##.#..#..##
.................................
#...#............................
....#........##..####..#>##.#..#.
#...#........##..# #............
....#........##..####..##.#.#..#.
.............................>...
.................................
##.###.##.##.##..####............


You could see a gnoll.

Vanquished Creatures
  Natasha (D:2)
  An ooze (D:2)
  A leopard gecko (D:1)
  A giant cockroach (D:1)
  8 goblins
  6 hobgoblins
  4 jackals (D:1)
  3 bats
  A kobold (D:1)
  3 rats
29 creatures vanquished.

Notes
Turn   | Place    | Note
-------+----------+-------------------------------------------
     0 | D:1      | Jaijje the Deep Elf Conjurer began the quest for the Orb.
     0 | D:1      | Reached XP level 1. HP: 10/10 MP: 6/6
   323 | D:1      | Reached XP level 2. HP: 14/15 MP: 5/8
   349 | D:1      | Reached skill level 5 in Conjurations
   964 | D:2      | Learned a level 2 spell: Searing Ray
   967 | D:2      | Found a hide-covered altar of Uskayaw.
   992 | D:2      | Reached XP level 3. HP: 19/19 MP: 8/10
  1302 | D:2      | Noticed Natasha
  1333 | D:2      | Killed Natasha
  1354 | D:2      | Slain by a gnoll

Skill      XL: |  1  2  3 |
---------------+----------+-----
Conjurations   | 5 |  5.5
Spellcasting   | 4 |  4.2
Dodging        | |  2.4
Stealth        | |  2.4

Action                   || total
-------------------------++-------
Melee: Unarmed           ||    24
 Cast: Magic Dart        ||    72
       Searing Ray       ||     1
  Eat: Chunk             ||     1
Armor: Robe              ||    10
Dodge: Dodged            ||    26
